 Dungeon Crawl Stone Soup version 0.27.1 (webtiles) character file.

Game seed: 8767998596078239738

209 Kanakotka the Sneak (level 5, -1/36 HPs)
             Began as an Octopode Monk on Sept 1, 2021.
             Slain by an orc priest (7 damage)
             ... on level 4 of the Dungeon.
             The game lasted 00:10:52 (2627 turns).

Kanakotka the Sneak (Octopode Monk)                 Turns: 2627, Time: 00:10:53

Health: -1/36      AC:  1    Str: 10    XL:     5   Next: 87%
Magic:  14/14      EV: 14    Int: 13    God:
Gold:   177        SH:  0    Dex: 15    Spells: 4/4 levels left

rFire    . . .     SeeInvis .   f - +0 short sword (venom)
rCold    . . .     Faith    .   (no shield)
rNeg     . . .     Spirit   .   (helmet restricted)
rPois    .         Reflect  .   c - amulet of regeneration
rElec    .         Harm     .   e - ring of magical power
rCorr    .         Rampage  .   (no ring)
Will     .....                  (no ring)
Stlth    ++++......             (no ring)
HPRegen  1.12/turn              (no ring)
MPRegen  0.14/turn              (no ring)
                                (no ring)
                                (no ring)

@: no status effects
A: almost no armour, amphibious, 8 rings, camouflage 1, gelatinous body 1,
(nimble swimmer 1), tentacles
a: no special abilities


You were on level 4 of the Dungeon.
You visited 1 branch of the dungeon, and saw 4 of its levels.

You collected 177 gold pieces.

Inventory:

Hand Weapons
 f - a +0 short sword of venom (weapon)
 g - a +2 morningstar of pain
Missiles
 d - 17 poisoned darts (quivered)
Jewellery
 c - an amulet of regeneration (around mantle)
 e - a ring of magical power (left tentacle)
Scrolls
 a - a scroll of enchant armour {unknown}
 b - a scroll of vulnerability {unknown}
 h - 2 scrolls of noise {unknown}
Potions
 i - a potion of ambrosia {unknown}


   Skills:
 + Level 3.6 Fighting
 * Level 1.8 Short Blades
 + Level 3.7 Dodging
 * Level 5.5 Stealth
 + Level 3.7 Unarmed Combat


You had 4 spell levels left.
You didn't know any spells.
Your spell library contained the following spells:

 Spells                   Type           Power      Damage    Failure   Level
 Animate Skeleton         Necr           0%         N/A       30%         1
 Foxfire                  Conj/Fire      0%         2x1d4     30%         1
 Pain                     Necr           0%         1d4       30%         1
 Sandblast                Erth           0%         2d4       30%         1
 Shock                    Conj/Air       0%         1d3       30%         1
 Summon Small Mammal      Summ           0%         N/A       30%         1
 Call Canine Familiar     Summ           0%         N/A       67%         3
 Inner Flame              Hex/Fire       0%         N/A       67%         3
 Summon Guardian Golem    Hex/Summ       0%         N/A       67%         3
 Swiftness                Air            0%         N/A       67%         3
 Vampiric Draining        Necr           0%         2d6       67%         3
 Airstrike                Air            0%         N/A       97%         4
 Cause Fear               Hex            0%         N/A       97%         4
 Fireball                 Conj/Fire      0%         3d3       100%        5
 Iskenderun's Battlesphe  Conj           0%         2d6       100%        5
 Conjure Ball Lightning   Conj/Air       0%         3x3d6     100%        6
 Orb of Destruction       Conj           0%         N/A       100%        7
 Discord                  Hex            0%         N/A       100%        8


Dungeon Overview and Level Annotations

Branches:
Dungeon (4/15)
 Temple: D:4-7

Altars:

Annotations:
D:3 Grinder


Innate Abilities, Weirdness & Mutations

You cannot wear most types of armour.
You are amphibious.
You can wear up to eight rings at the same time.
Your skin changes colour to match your surroundings (Stealth+).
Your rubbery body absorbs attacks. (AC +1, EV +1)
((You are camouflaged near water. (Stealth+)))
You have tentacles for arms and can constrict up to eight enemies at once.


Message History

You puncture the orc wizard!
The orc wizard is poisoned.
The orc shouts!
The orc priest shouts!
Your grab misses the orc wizard.
The orc wizard is moderately wounded.
The orc wizard gestures at you while chanting.
The magic dart hits you.
You miss the orc wizard. Your grab misses the orc wizard.
The orc wizard is severely wounded.
The orc wizard closely misses you.
You barely miss the orc wizard. Your grab misses the orc wizard.
Your squeeze misses the orc wizard.
The orc wizard is almost dead.
You kill the orc wizard!
The orc priest mumbles some strange prayers to Beogh against you.
Beogh smites you!
You hit the orc but do no damage. You grab the orc. You squeeze the orc!
You kill the orc!
You hit the orc.
The orc is poisoned.
Your grab misses the orc. You squeeze the orc.
You kill the orc!
The orc misses you.
Items here: ))) [[[ †.
You hit the orc.
The orc is poisoned.
You grab the orc.
The orc is heavily wounded.
You constrict the orc.
The orc priest calls down the wrath of Beogh upon you.
Beogh smites you! The orc hits you with a +0 hand axe!
You hit the orc.
You kill the orc!
The orc priest calls down the wrath of Beogh upon you.
Beogh smites you!
* * * LOW HITPOINT WARNING * * *
The orc priest looks satisfied for a moment.
Things that are here:
a +0 hand axe; an orc corpse You completely miss the orc priest.
You grab the orc priest.
You squeeze the orc priest, but do no damage.
You constrict the orc priest.
The orc priest hits you with a +2 whip of pain!
You die...

#..#.#########.#######.>......
#.#.# #...# ##.###### #.#.#
###.# #.# .. #.#.# .# ..#
...#.#.# # #### ...#.#.###
#####.# .....#...# .... #####
.....#...# ######### #....
..........# #..)@o..# ##.##
..........###.#####....# #.#
.#######'##.......#
#.#######.## #.##.......#
......#.#. #.##.......#
......#.#. #.#.....#'##
#######.## #.#...#.#.# #.#
#.##....#.# #.## #....<#...#
#...


You could see an orc priest.

Vanquished Creatures
  An ogre (D:4)
  An orc wizard (D:4)
  An adder (D:3)
  A worm (D:4)
  A dart slug (D:1)
  8 orcs
  9 bats
  5 endoplasms
  3 giant cockroaches
  5 goblins
  5 hobgoblins
  2 jackals (D:3)
  6 quokkas
  4 ball pythons
  7 frilled lizards
  7 kobolds
  8 rats
74 creatures vanquished.

Notes
Turn   | Place    | Note
-------+----------+-------------------------------------------
     0 | D:1      | Kanakotka the Octopode Monk began the quest for the Orb.
     0 | D:1      | Reached XP level 1. HP: 16/16 MP: 1/1
   121 | D:1      | Reached XP level 2. HP: 21/21 MP: 2/2
   497 | D:1      | Got A Beginning Course on Wizardry
   553 | D:1      | Reached skill level 3 in Stealth
   614 | D:1      | Reached XP level 3. HP: 26/26 MP: 3/3
   754 | D:1      | You fall into a shaft and drop 1 floor!
  1764 | D:3      | Found a faded altar of an unknown god.
  1781 | D:3      | Reached XP level 4. HP: 26/31 MP: 4/4
  1835 | D:3      | Reached skill level 4 in Stealth
  1917 | D:3      | Noticed Grinder
  2087 | D:4      | Noticed an ogre
  2094 | D:4      | Killed an ogre
  2095 | D:4      | Reached skill level 1 in Short Blades
  2095 | D:4      | Reached skill level 5 in Stealth
  2095 | D:4      | Reached XP level 5. HP: 36/36 MP: 5/5
  2627 | D:4      | Slain by an orc priest

Illustrated notes

Levels and vault maps discovered:
D:1:      erik_arrival_orb_chamber, layout_basic, minivault_5,
          minmay_hedge_maze, serial_bayou_pond_a, minmay_3d_cube
D:2:      layout_rooms, serial_curves, eino_curves_03, eino_curves_01,
          eino_curves_01, eino_curves_03, minmay_lizard_pond
D:3:      minmay_general_purpose_star, layout_loops_cross,
          hellmonk_ecumenical_altar_blasted, minmay_misc_feat_four_crosses,
          uniq_grinder
D:4:      layout_basic, overflow_temple_1_default, enter_ossuary_1,
          serial_co_window_serial, co_window_of_opportunity_a,
          co_window_paths_a, co_window_of_opportunity_a, co_window_paths_b,
          co_window_of_opportunity_a, co_window_paths_a,
          co_window_of_opportunity_a, co_window_of_opportunity_b,
          co_window_unsneaky_path_a, co_window_broadway_b, co_window_corner_cb,
          co_window_broadway_b, co_window_corner_b, co_window_of_opportunity_c,
          co_window_paths_d, glass_columns_a, glass_columns_c

Skill      XL: |  1  2  3  4 |
---------------+-------------+-----
Stealth        | 3 5 |  5.5
Short Blades   | 1 |  1.8
Fighting       | |  3.6
Dodging        | |  3.7
Unarmed Combat | |  3.7

Action                   |  1- 3 |  4- 6 || total
-------------------------+-------+-------++-------
Melee: Unarmed           |    85 |       ||    85
       Constrict         |    28 |    12 ||    40
       Tentacles         |    15 |    12 ||    27
       Short sword       |    12 |    39 ||    51
       Punch             |     4 |       ||     4
 Stab: Sleeping          |    10 |     5 ||    15
       Distracted        |       |     2 ||     2
Armor: Skin              |     8 |     1 ||     9
Dodge: Dodged            |    72 |    19 ||    91
